 Dungeon Crawl Stone Soup version 0.31-a0-636-ge1c0e020e0 (webtiles) character file.

Game seed: 16657753374080553570

165 rvierbuc the Digger (level 5, -5/1 (36) HPs)
             Began as a Demonspawn Earth Elementalist on Aug 27, 2023.
             Was a Follower of Vehumet.
             Slain by a phantom (6 damage)
             ... on level 4 of the Dungeon.
             The game lasted 00:07:51 (2581 turns).

rvierbuc the Digger (Demonspawn Earth Elementalist) Turns: 2581, Time: 00:07:51

HP:   -5/1 (36)     AC:  2    Str:  8    XL:     5   Next: 22%
MP:   7/10          EV: 12    Int: 19    God:    Vehumet [*.....]
Gold: 170           SH:  0    Dex: 13    Spells: 9/11 levels left

rFire   . . .        n - +2 trident (pain)
rCold   . . .        (no shield)
rNeg    . . .        a - +0 robe
rPois   .            (no helmet)
rElec   .            (no cloak)
rCorr   .            (no gloves)
SInv    .            (no boots)
Will    .....        (no amulet)
Stlth   ++           (no ring)
HPRegen 0.20/turn    (no ring)
MPRegen 0.12/turn

%: no passive effects
@: extremely drained
A: powered by death 1, sturdy frame 2
a: Renounce Religion


You were on level 4 of the Dungeon.
You worshipped Vehumet.
Vehumet was aware of your devotion.
You visited 1 branch of the dungeon, and saw 5 of its levels.

You collected 170 gold pieces.

Inventory:

Hand Weapons
 c - a +0 short sword
 n - a +2 trident of pain (weapon)
Missiles
 e - 10 poisoned darts
Armour
 a - a +0 robe (worn)
Jewellery
 m - an amulet of magic regeneration
 o - a ring of protection from fire
Talismans
 u - a granite talisman
Wands
 j - a wand of mindburst (2)
 r - a wand of digging (5)
 t - a wand of polymorph (18)
Scrolls
 f - a scroll of noise {unknown}
 g - 4 scrolls of identify {unknown}
 h - 2 scrolls of poison {unknown}
 i - 2 scrolls of blinking {unknown}
 k - a scroll of revelation {unknown}
 l - a scroll of acquirement {unknown}
 p - a scroll of immolation {unknown}
 s - a scroll of amnesia {unknown}
 y - a scroll of fog {unknown}
Potions
 b - 2 potions of magic
 d - a potion of lignification {unknown}
 q - 2 potions of mutation {unknown}
 v - a potion of berserk rage {unknown}
 w - a potion of brilliance {unknown}
 x - 2 potions of heal wounds {unknown}


   Skills:
 + Level 0.3 Fighting
 + Level 0.2 Polearms
 + Level 1.9 Dodging
 + Level 2.0 Stealth
 + Level 3.6 Spellcasting
 + Level 0.8 Transmutations
 + Level 4.1 Earth Magic


You had 9 spell levels left.
You knew the following spells:

 Your Spells              Type           Power      Damage    Failure   Level
a - Sandblast             Erth           38%        2d10      2%          1
b - Kiss of Death         Conj/Necr      12%        2d6       14%         1

Your spell library contained the following spells:

 Spells                   Type           Power      Damage    Failure   Level
 Foxfire                  Conj/Fire      12%        2x1d4     14%         1
 Passwall                 Tmut/Erth      10%        N/A       8%          2
 Stone Arrow              Conj/Erth      22%        3d8       19%         3
 Confusing Touch          Hex            3%         N/A       41%         3
 Petrify                  Tmut/Erth      12%        N/A       45%         4
 Dispel Undead            Necr           3%         3d7       82%         4


Dungeon Overview and Level Annotations

Branches:
Dungeon (5/15)             Temple (0/1) D:4

Altars:
Hepliaklqana
Ru
Vehumet
Xom


Innate Abilities, Weirdness & Mutations

You regenerate a little health from kills.
Your movements are less encumbered by armour. (ER -4)


Message History

Your magical contamination has completely faded away.
g - 4 scrolls labelled ONIALI KOMIYPNES (gained 1)
w - a lumpy emerald potion A kobold comes into view.
It is wielding a +0 dagger.
The kobold moves out of view.
x - 2 fuming grey potions A quokka comes into view.
The quokka moves out of view.
Found a hazy altar of Hepliaklqana.
A giant cockroach comes into view.
The blast of sand hits the quokka.
The quokka is severely wounded.
The blast of sand hits the quokka!
You kill the quokka!
Vehumet accepts your kill.
The blast of sand hits the giant cockroach!
You kill the giant cockroach!
Vehumet accepts your kill.
Found a shimmering altar of Xom.
A goblin comes into view. It is wielding a +0 dagger.
Found 13 gold pieces.
A goblin is nearby!
The blast of sand hits the goblin!!
You kill the goblin!
Vehumet accepts your kill.
You feel your power returning.
Found a stone staircase leading down.
You now have 170 gold pieces (gained 13).
y - a scroll labelled URIAB NIMYWN
Found 3 javelins.
A phantom comes into view.
Found a scroll labelled ONIALI KOMIYPNES.
The blast of sand hits the phantom but does no damage.
The blast of sand hits the phantom!
The phantom is heavily damaged.
The blast of sand hits the phantom.
The phantom is heavily damaged.
The phantom hits you.
Ouch! That really hurt!
You die...

#.....# ####.##..........#
........##....#...........#
.................#####...>#
..........#.####.....#....#
..........#.#....###.#....#
..........#.#.##.###.#....#
.......#.#.#...##.#..).#
.?..........._.........#
.......@#.##...#.#.....#
.......W#.###.##.#......
.......##.###....#......
....... #.....####......
......(.#####...........
........................
..............##........
..............##........
.#########........


You could see a phantom.

Vanquished Creatures
  Ijyb (D:3)
  An orc wizard (D:3)
  3 adders (D:3)
  3 worms
  4 orcs (D:3)
  6 ball pythons
  6 bats
  4 endoplasms
  7 giant cockroaches
  13 goblins
  5 hobgoblins
  6 kobolds
  5 quokkas
  2 frilled lizards
  5 rats
71 creatures vanquished.

Notes
Turn   | Place    | Note
-------+----------+-------------------------------------------
     0 | D:1      | rvierbuc the Demonspawn Earth Elementalist began the quest
                  | for the Orb.
     0 | D:1      | Reached XP level 1. HP: 13/13 MP: 3/3
   172 | D:1      | Reached skill level 3 in Earth Magic
   202 | D:1      | Gained mutation: Your movements are slightly less
                  | encumbered by armour. (ER -2) [demonic ancestry]
   202 | D:1      | Reached XP level 2. HP: 19/19 MP: 3/5
   896 | D:2      | Gained mutation: Your movements are less encumbered by
                  | armour. (ER -4) [demonic ancestry]
   896 | D:2      | Reached XP level 3. HP: 24/24 MP: 0/6
  1243 | D:2      | Identified the +2 ring mail of Rayrahianke {rF++}
  1869 | D:3      | Reached XP level 4. HP: 18/30 MP: 1/8
  2029 | D:3      | Reached skill level 4 in Earth Magic
  2067 | D:3      | Learned a level 1 spell: Kiss of Death
  2093 | D:3      | Noticed Ijyb
  2108 | D:3      | Killed Ijyb
  2109 | D:3      | Gained mutation: You regenerate a little health from kills.
                  | [demonic ancestry]
  2109 | D:3      | Reached XP level 5. HP: 30/33 MP: 3/10
  2165 | D:3      | Found a faded altar of an unknown god.
  2253 | D:3      | Prayed at the altar of an unknown god.
  2253 | D:3      | Became a worshipper of Vehumet
  2253 | D:3      | Reached * piety under Vehumet
  2253 | D:3      | Offered knowledge of Foxfire by Vehumet.
  2300 | D:3      | Found a sacrificial altar of Ru.
  2391 | D:3      | You fall into a shaft and drop 2 floors!
  2391 | D:5      | Entered Level 5 of the Dungeon
  2404 | D:5      | Noticed an ogre
  2448 | D:4      | Found a staircase to the Ecumenical Temple.
  2496 | D:4      | Found a hazy altar of Hepliaklqana.
  2535 | D:4      | Found a shimmering altar of Xom.
  2577 | D:4      | Noticed a phantom
  2581 | D:4      | Slain by a phantom

Illustrated notes

Levels and vault maps discovered:
D:1:      kennysheep_arrival_forest, layout_rooms, minivault_27,
          minmay_misc_feat_secret_circle, corexii_hall_statues_s,
          minmay_split_cup_large
D:2:      minmay_spotlight, layout_loops_ring
D:3:      layout_rooms, tso_oasis_becter, mainiacjoe_overflow_brackets,
          hellmonk_ecumenical_altar_zigzags, uniq_ijyb
D:4:      layout_rooms, nicolae_hepliaklqana_hazy_memory,
          mainiacjoe_overflow_boulevard, nicolae_overflow_crystal_walls,
          minmay_temple_entry_statues_pillars
D:5:      layout_basic, kennysheep_mini_moat, cheibrodos_worm_habitat,
          kennysheep_another_room, uniq_prince_ribbit1, uniq_menkaure

Skill      XL: |  1  2  3  4 |
---------------+-------------+-----
Earth Magic    | 3 4 |  4.1
Spellcasting   | 3 |  3.6
Stealth        | 2 |  2.0
Fighting       | |  0.3
Polearms       | |  0.2
Dodging        | |  1.9
Transmutations | |  0.8

Action                     |  1- 3 |  4- 6 || total
---------------------------+-------+-------++-------
  Melee: Unarmed           |     4 |     3 ||     7
         Short sword       |    10 |       ||    10
         Trident           |     6 |     4 ||    10
  Throw: Dart              |       |     5 ||     5
   Cast: Sandblast         |    62 |    28 ||    90
         Kiss of Death     |       |     7 ||     7
 Armour: Robe              |     7 |     3 ||    10
  Dodge: Dodged            |    22 |    11 ||    33

Table legend: (Time is in decaauts)
 A = Elapsed time spent in this place.
 B = Non-inter-level travel time spent in this place.
 C = Inter-level travel time spent in this place.
 D = Time resting spent in this place.
 E = Time spent auto-exploring this place.
 F = Levels seen in this place.
 G = Mean time per level.
                   A        B        C        D        E       F      G
               +--------+--------+--------+--------+--------+-----+--------+
         Total |   2626 |   2494 |    132 |     25 |   2009 |   5 |  525.2 |
       Dungeon |   2626 |   2494 |    132 |     25 |   2009 |   5 |  525.2 |
               +--------+--------+--------+--------+--------+-----+--------+

Top non-repeatable levels by time:
     D:2: 978 daAuts
     D:1: 828 daAuts
     D:3: 626 daAuts
     D:4: 176 daAuts
     D:5: 16 daAuts
